 Dungeon Crawl Stone Soup version 0.31-a0-986-g5e6e4ef867 (webtiles) character file.

Game seed: 15748921775911144157

111073 Skeral the Metamorph (level 16, -9/205 HPs)
             Began as a Troll Artificer on Nov 7, 2023.
             Was a High Priest of Ru.
             Mangled by a balrug
             ... wielding a +0 demon whip
              (22 damage)
             ... on level 4 of the Abyss on Nov 8, 2023.
             The game lasted 01:28:06 (22585 turns).

Skeral the Metamorph (Troll Artificer)             Turns: 22585, Time: 01:28:07

Health: -9/205     AC: 13    Str: 31    XL:     16   Next: 8%
Magic:  15/15      EV: 17    Int:  5    God:    Ru [*****.]
Gold:   2267       SH:  5    Dex: 14    Spells: 15/15 levels left

rFire   . .          .
                       - Unarmed
rCold   . . .        (shield currently unavailable)
rNeg    . . .        L - melded +1 robe {rC+ rF+}
rPois   .            J - melded +0 hat {Will+}
rElec   .            e - melded scarf {repulsion}
rCorr   .            (gloves unavailable)
SInv    .            (boots unavailable)
Will    ++...        g - amulet of reflection Stlth
                     o - ring of willpower
HPRegen 0.00/turn    E - +5 ring of evasion
MPRegen 0.14/turn

%: reflection
@: snake-form, sick, hasted, very quick
A: constrict, boosted hp, large, unfitting armour, (claws 3), regeneration 1,
(shaggy fur 1), (tough skin 1), no stealth, inability to use devices, hated by
all, no conjurations magic, no fire magic, no hexes magic, disrupted magic 1,
dopey 1
a: Begin Untransformation, Renounce Religion, Draw Out Power, Power Leap,
Apocalypse


You were on level 4 of the Abyss.
You worshipped Ru.
Ru was extremely pleased with you.
You were an enormous anaconda.
You visited 4 branches of the dungeon, and saw 23 of its levels.
You visited the Abyss 1 time.
You also visited: Ossuary, Gauntlet and Ice Cave.

You collected 4121 gold pieces.
You spent 1854 gold pieces at shops.


Innate Abilities, Weirdness & Mutations

You are an enormous anaconda.
You have a powerful constriction melee attack.
Your maximum health is increased.
Your armour is entirely melded.
You are incapable of wielding weapons or throwing items.
You are too large for most types of armour.
((You have claws for hands.))
Your natural rate of healing is unusually fast.
((You are covered in fur. (AC +1)))
((You have tough skin. (AC +1)))
You cannot be stealthy.
You cannot study or use magical devices.
You are hated by all.
You cannot study or cast Conjurations magic.
You cannot study or cast Fire magic.
You cannot study or cast Hexes magic.
Your casting is slightly disrupted.
You are dopey. (Int -2)


   Skills:
 + Level 13.6 Fighting
 + Level 5.8 Dodging
 + Level 15.9 Unarmed Combat
 * Level 16.3 Shapeshifting


You had 15 spell levels left.
You didn't know any spells.
Your spell library contained the following spells:

 Spells                   Type           Power      Damage    Failure   Level
 Freeze                   Ice            0%         1d3       56%         1
 Cigotuvi's Dreadful Rot  Necr/Pois/Air  0%         N/A       71%         2
 Frozen Ramparts          Ice            0%         1d1       89%         3
 Vhi's Electric Charge    Tloc/Air       0%         N/A       99%         4
 Lee's Rapid Deconstruct  Erth           0%         3d4*      100%        5
 Dispersal                Tloc           0%         N/A       100%        6
 Maxwell's Capacitive Co  Air            0%         โˆž       100%        8
 Magic Dart               Conj           Unusable   1d3       N/A         1
 Call Imp                 Summ           Unusable   N/A       N/A         2
 Ensorcelled Hibernation  Hex/Ice        Unusable   N/A       N/A         2
 Jinxbite                 Hex            Unusable   N/A       N/A         2
 Momentum Strike          Conj/Tloc      Unusable   3d8       N/A         2
 Call Canine Familiar     Summ           Unusable   N/A       N/A         3
 Hailstorm                Conj/Ice       Unusable   3d3       N/A         3
 Ignite Poison            Fire/Tmut/Pois Unusable   N/A       N/A         3
 Mephitic Cloud           Conj/Pois/Air  Unusable   N/A       N/A         3
 Sigil of Binding         Hex            Unusable   N/A       N/A         3
 Volatile Blastmotes      Fire/Tloc      Unusable   2d10      N/A         3
 Anguish                  Hex/Necr       Unusable   N/A       N/A         4
 Dimensional Bullseye     Hex/Tloc       Unusable   N/A       N/A         4
 Iskenderun's Mystic Bla  Conj/Tloc      Unusable   2d3       N/A         4
 Leda's Liquefaction      Hex/Erth       Unusable   N/A       N/A         4
 Arcjolt                  Conj/Air       Unusable   1d10      N/A         5
 Freezing Cloud           Conj/Ice/Air   Unusable   6-21      N/A         5
 Bombard                  Conj/Erth      Unusable   9d1       N/A         6

Inventory:

Hand Weapons
 y - a +3 spear of freezing
   (You found it on level 4 of the Dungeon)
 Z - the +6 sling of the First Seers {heavy, rElec rF+}
   (You found it on level 4 of the Lair of Beasts)

   rF+:       It protects you from fire.
   rElec:     It insulates you from electricity.
Missiles
 k - 34 poisoned darts (quivered)
 m - 19 javelins
 r - 5 datura-tipped darts
 s - 31 boomerangs
 B - 4 curare-tipped darts {=f}
 M - a throwing net {=f!f}
 W - 15 large rocks {=f}
Armour
 e - a scarf of repulsion (melded)
   (You found it on level 1 of the Lair of Beasts)
 J - a +0 hat of willpower (melded)
   (You found it on level 5 of the Dungeon)
 L - a +1 robe of resistance (melded)
   (You found it in a Gauntlet)
Jewellery
 c - a ring of protection from cold
   (You found it on level 13 of the Dungeon)
 g - an amulet of reflection (around neck)
   (You bought it in a shop on level 2 of the Orcish Mines)
 o - a ring of willpower (left hand)
   (You found it on level 2 of the Dungeon)
 v - a ring of see invisible
   (You bought it in a shop on level 2 of the Orcish Mines)
 E - a +5 ring of evasion (right hand)
   (You found it on level 4 of the Lair of Beasts)
 P - a ring of poison resistance
   (You found it on level 12 of the Dungeon)
Talismans
 f - a storm talisman
   (You found it on level 1 of the Dungeon)
 A - a serpent talisman (active)
   (You found it on level 9 of the Dungeon)
 K - a granite talisman
   (You found it on level 6 of the Dungeon)
 N - a blade talisman
   (You found it on level 7 of the Dungeon)
Scrolls
 a - a scroll of silence {!r}
 d - a scroll of immolation {!r!r}
 i - 3 scrolls of butterflies {unknown}
 j - 4 scrolls of poison {unknown}
 l - 8 scrolls of teleportation {@r4}
 t - 3 scrolls of revelation
 u - 3 scrolls of enchant armour {unknown}
 x - 6 scrolls of fog
 G - 2 scrolls of torment {!r}
 I - 2 scrolls of vulnerability {!r!r}
 Q - 2 scrolls of fear {unknown}
Potions
 b - a potion of ambrosia
 h - 5 potions of curing {@q1}
 p - 7 potions of mutation {!q}
 q - 8 potions of haste {@q3}
 z - a potion of berserk rage {!q}
 D - 2 potions of cancellation {unknown}
 H - 5 potions of lignification {!q}
 O - 2 potions of enlightenment
 U - 2 potions of attraction {unknown}
 V - a potion of brilliance
 X - 2 potions of resistance
 Y - 4 potions of might

Dungeon Overview and Level Annotations

Branches:
Dungeon (15/15) Zot: 25851 Temple (1/1) D:7 Zot: 5998 Lair (5/5) D:8 Zot: 24262 Shoals (0/4) Lair:2 Spider (0/4) Lair:2 Slime (0/5) Lair:5 Orc (2/2) D:12 Zot: 10387 Elf (0/3) Orc:2 Vaults (0/5) D:13 D:14 Ossuary (visited) IceCv (visited) Gauntlet (visited) Depths: D:15

Altars:
Ashenzari
Cheibriados
Dithmenos
Elyvilon
Gozag
Kikubaaqudgha
Makhleb
Nemelex Xobeh
Okawaru
Qazlal
Ru
Sif Muna
Trog
Uskayaw
Vehumet
Wu Jian
Xom
Zin
The Shining One

Shops:
D:1 *   D:9 (   D:11 :*[   Orc:1 *   Orc:2 *=!!

Annotations:
D:8 3 runed translucent doors, gribnar's ghost, novice DsGl

#....... .. . . .x#
..#.. # ..# .##.
##.. v ....v... . #
## .# #. .. ... #.#.
# ##.x## .## ,
#...#####.X##..##
###.v..XXvX.v.......
#...S2xv#### .# #
##.###Xx.### . . #v.
##.vยง.# . .# #.# #
# ##.# . #. ## ###


You could see 3 starcursed masses, a balrug (corona), a spatial maelstrom, 5
spatial vortices, 2 ancient zymes, 2 thrashing horrors and a small abomination.


Message History

The thrashing horror tramples you but does no damage.
The thrashing horror closely misses you.
You hit the spatial vortex.
You redirect the balrug's attack!
The balrug gestures at the spatial maelstrom.
The sticky flame hits the spatial vortex.
The spatial vortex resists.
The thrashing horror tramples you but does no damage.
The thrashing horror barely misses you.
A spatial vortex comes into view.
You body-slam the spatial vortex!!
The thrashing horror misses you.
You block the thrashing horror's attack.
You block the spatial vortex's attack.
The spatial maelstrom closely misses you.
The spatial maelstrom hits you!
Space warps horribly around you! ๐Ÿ˜ฎ HP[-23]
You take 23 damage, and now have 127/205 hp.
You hit the spatial vortex but do no damage.
The thrashing horror barely misses you. The thrashing horror misses you.
You block the spatial maelstrom's attack.
The spatial maelstrom hits you but does no damage.
You hit the spatial vortex.
The thrashing horror begins to attack, but is stunned by your conviction!
You body-slam the spatial vortex!!
You block the thrashing horror's attack.
The thrashing horror tramples you but does no damage.
The spatial vortex hits you!
You blink. ๐Ÿ˜ฎ HP[-9]
You take 9 damage, and now have 118/205 hp.
You crush the spatial vortex!!!
You body-slam the spatial vortex!!
The spatial vortex dissipates!
You body-slam the spatial maelstrom!!
The small abomination misses you.
You hit the spatial maelstrom. The spatial maelstrom hits you.
Space warps horribly around you!!
* * * LOW HITPOINT WARNING * * *
The spatial maelstrom barely misses you.
You redirect the thrashing horror's attack! ๐Ÿ˜จ HP[-24]
You take 24 damage, and now have 94/205 hp.
You completely miss the spatial maelstrom.
The thrashing horror begins to attack, but is stunned by your conviction!
The spatial maelstrom misses you.
The spatial maelstrom closely misses you.
The spatial maelstrom attacks as it pursues you!
The spatial maelstrom hits you!
* * * LOW HITPOINT WARNING * * *
Space warps horribly around you!!
* * * LOW HITPOINT WARNING * * *
The spatial maelstrom hits you but does no damage.
A spatial vortex comes into view. ๐Ÿ˜จ HP[-28]
You take 28 damage, and now have 66/205 hp.
You feel better. The spatial maelstrom hits you.
* * * LOW HITPOINT WARNING * * *
You blink.
A spatial vortex comes into view.
The thrashing horror tramples you but does no damage.
You block the thrashing horror's attack. ๐Ÿ˜จ HP[+6]
You regained 6 hp, and now have 72/205 hp.
You closely miss the balrug. You grab the balrug.
You constrict the balrug, but do no damage.
The thrashing horror tramples you!
* * * LOW HITPOINT WARNING * * *
You hold your ground!
You focus your inner power and blind the thrashing horror in retribution!
The thrashing horror misses you. The balrug closely misses you.
A spatial vortex comes into view. ๐Ÿ˜จ HP[-9]
You take 9 damage, and now have 63/205 hp.
You lash the balrug! You constrict the balrug.
The thrashing horror begins to attack, but is stunned by your conviction!
The thrashing horror completely misses you.
The thrashing horror tramples you!
* * * LOW HITPOINT WARNING * * *
You hold your ground!
A chorus of shrieks assaults your mind.
* * * LOW HITPOINT WARNING * * *
๐Ÿ˜ฑ HP[-12]
You take 12 damage, and now have 51/205 hp.
You lash the balrug! You constrict the balrug.
The balrug hits you with a +0 demon whip!!
* * * LOW HITPOINT WARNING * * *
You are engulfed in flames!!
* * * LOW HITPOINT WARNING * * *
You focus your inner power and illuminate the balrug in retribution! ๐Ÿ˜ฑ HP[-49]
You take 49 damage, and now have 2/205 hp.
MASSIVE DAMAGE!! (PAUSE)
You feel better.
You constrict the balrug. The thrashing horror barely misses you.
The thrashing horror tramples you but does no damage.
A starcursed mass splits.
You block the thrashing horror's attack. x2
An ancient zyme comes into view.
The balrug hits you with a +0 demon whip!!
You die...

Skill      XL: |  1  2  3  4  5  6  7  8  9 10 11 12 13 14 15 |
---------------+----------------------------------------------+-----
Fighting       | 1 2 3 4 5 7 8 9 10 11 12 13 | 13.6
Unarmed Combat | 1 2 3 4 5 6 8 9 10 12 13 14 15 | 15.9
Shapeshifting  | 4 6 8 11 13 14 16 | 16.3
Evocations     | 0 |  0.0
Dodging        | 3 5 |  5.8

Action                     |  1- 3 |  4- 6 |  7- 9 | 10-12 | 13-15 | 16-18 || total
---------------------------+-------+-------+-------+-------+-------+-------++-------
  Melee: Unarmed           |   118 |   154 |   308 |   661 |  1183 |    48 ||  2472
         Punch             |     4 |     6 |    12 |    32 |     1 |       ||    55
         Constrict         |       |       |       |    48 |   241 |     8 ||   297
  Throw: Dart              |       |       |       |     5 |       |       ||     5
 Invoke: Sacrifice Stealth |       |       |     1 |       |       |       ||     1
         Sacrifice Love    |       |       |     1 |       |       |       ||     1
         Sacrifice Essence |       |       |       |     1 |       |       ||     1
         Sacrifice Artific |       |       |       |     1 |       |       ||     1
         Sacrifice Arcana  |       |       |       |     1 |       |       ||     1
         Reject Sacrifices |       |       |       |       |     2 |       ||     2
         Power Leap        |       |       |       |       |     1 |       ||     1
         Draw Out Power    |       |       |       |       |     2 |     1 ||     3
  Evoke: Wand              |       |       |     6 |       |       |       ||     6
    Use: Scroll            |     1 |       |     7 |     9 |    11 |     3 ||    31
         Potion            |       |     1 |     1 |     3 |     1 |     7 ||    13
   Stab: Sleeping          |     3 |     2 |       |       |       |       ||     5
         Invisible         |       |     1 |     2 |     3 |    14 |     1 ||    21
         Distracted        |       |       |       |     1 |     7 |       ||     8
         Paralysed         |       |       |       |       |    11 |       ||    11
 Armour: Robe              |    75 |   153 |   180 |   268 |       |       ||   676
         Skin              |       |       |       |   156 |   670 |    48 ||   874
  Dodge: Dodged            |    67 |   116 |   181 |   391 |   545 |    58 ||  1358
         Repelled          |       |       |       |       |     1 |       ||     1
  Block: Other             |       |       |       |       |    74 |    21 ||    95
         Reflection        |       |       |       |       |     2 |       ||     2
   Form: Anaconda          |       |       |       |     1 |     3 |       ||     4
         Statue            |       |       |       |       |     4 |       ||     4
         Blade             |       |       |       |       |     2 |       ||     2
         Storm             |       |       |       |       |     1 |       ||     1

Levels and vault maps discovered:
D:1:      mushboom_english_gardens, layout_basic, serial_shops,
          nicolae_square_shop, corexii_hall_statues_l
D:2:      layout_basic, basic_altar, uniq_crazy_yiuf_cottage
D:3:      layout_rooms, nicolae_ru_great_annihilating_truth,
          gammafunk_ghost_cemetery
D:4:      layout_cave_pools, nicolae_ossuary_entry_false_entrances
D:5:      layout_basic, hangedman_abyss_or_decor_lesser_grid,
          chequers_serial_rivers_small_3
D:6:      layout_loops_corners, chequers_temple_overflow_statue_of_worship,
          chequers_serial_rivers_micro_d, kennysheep_flooded_box, uniq_sigmund
D:7:      layout_rooms, minmay_temple_entry_drinking_statues
D:8:      layout_rooms, kennysheep_little_box, mainiacjoe_overflow_paths,
          grunt_lair_entry_orc_guard_hut, gammafunk_ghost_hydra_chop
D:9:      lemuel_ogre_cave, layout_loops_ring, serial_shops,
          nicolae_shop_window_shopping, nicolae_benzene_ring
D:10:     layout_loops_corners
D:11:     wad_woods_minihive, layout_stronghold, serial_shops, shop,
          shop_fountains, nicolae_transmutations_shop, uniq_fannar
D:12:     layout_basic, orc_0_dummy, minmay_misc_feat_nine_boxes
D:13:     layout_basic, uniq_lodul
D:14:     layout_basic, david_vaults_3, portal_ice_cave_entry_horrid_things,
          bloody_trog, uniq_frances, uniq_roxanne
D:15:     gammafunk_depths_entry_grave, layout_basic,
          chequers_serial_rivers_small_b, serial_corexii_hall,
          corexii_hall_statues_t, corexii_hall_statues_i, eino_house_with_fridge
Temple:   sentei_temple_godly_chess
Lair:1:   layout_regular_city, uniq_sonja
Lair:2:   layout_gridlike, elwin_shoals_entry_rooms,
          hellmonk_spider_entry_life_and_decay, kennysheep_snail_temple
Lair:3:   pond_and_an_island_with_a_cottage, layout_chaotic_city,
          disabler_island, grunt_megastairs_3
Lair:4:   layout_cave_pods, nicolae_quartered_pool_little
Lair:5:   wormcave, layout_hall_layers, hangedman_lair_in_review, slime_entry_2,
          gauntlet_entry_generic, lemuel_fruit_fields
Orc:1:    layout_caves, serial_shops, nicolae_shop_window_shopping
Orc:2:    st_orc_town, layout_caves, uniq_maurice, uniq_erolcha, uniq_urug
Abyss:4:  base: Temple, grunt_abyss_exit_deep_breaths, evilmike_abyss_exit_8,
          grunt_abyss_rune_forest_and_sorcery

Notes
Turn   | Place    | Note
-------+----------+-------------------------------------------
     0 | D:1      | Skeral the Troll Artificer began the quest for the Orb.
     0 | D:1      | Reached XP level 1. HP: 18/18 MP: 0/0
     0 | D:1      | magus.rc [v1.10.3]
    34 | D:1      | Reached skill level 1 in Fighting
    42 | D:1      | Reached skill level 1 in Unarmed Combat
    48 | D:1      | Found Katomama's General Store.
   103 | D:1      | Reached XP level 2. HP: 27/27 MP: 1/1
   530 | D:1      | Bought a scroll of identify for 20 gold pieces
   662 | D:2      | Found a glowing golden altar of the Shining One.
   770 | D:2      | Reached skill level 2 in Unarmed Combat
   770 | D:2      | Reached XP level 3. HP: 35/35 MP: 2/2
   876 | D:2      | Reached skill level 2 in Fighting
  1261 | D:2      | Found a runed translucent door.
  1262 | D:2      | Noticed Crazy Yiuf
  1367 | D:3      | Reached XP level 4. HP: 42/42 MP: 3/3
  1398 | D:3      | Found a sacrificial altar of Ru.
  1418 | D:3      | Became a worshipper of Ru the Awakened
  1466 | D:3      | Reached skill level 3 in Unarmed Combat
  1474 | D:3      | Reached XP level 5. HP: 44/52 MP: 4/4
  1728 | D:3      | Found a runed translucent gate.
  1728 | D:3      | Found a runed translucent gate.
  1729 | D:3      | Found a runed translucent gate.
  1730 | D:3      | Noticed Persephone's ghost (amateur MfFi)
  1730 | D:3      | Noticed Frenzy's ghost (amateur HuWr)
  2212 | D:2      | HP: 6/52 [Crazy Yiuf/+2 quarterstaff of chaos (14)]
  2213 | D:2      | Killed Crazy Yiuf
  2214 | D:2      | Reached skill level 3 in Fighting
  2297 | D:1      | Bought a scroll of fog for 40 gold pieces
  2410 | D:4      | Reached skill level 4 in Unarmed Combat
  2410 | D:4      | Reached XP level 6. HP: 44/61 MP: 5/5
  2442 | D:4      | Found a sand-covered staircase.
  2463 | D:4      | You pick up a book of Minor Magic and begin reading...
  2463 | D:4      | You add the spells Magic Dart, Call Imp and Mephitic Cloud
                  | to your library.
  2528 | Ossuary  | Entered an ossuary
  2572 | Ossuary  | Reached skill level 4 in Fighting
  2578 | Ossuary  | HP: 14/62 [elf zombie (5)]
  2654 | Ossuary  | Reached skill level 5 in Unarmed Combat
  2654 | Ossuary  | Reached XP level 7. HP: 60/70 MP: 6/6
  2967 | D:4      | Gained mutation: You cannot be stealthy. [Ru sacrifice]
  3093 | D:5      | Entered Level 5 of the Dungeon
  3268 | D:5      | Reached skill level 5 in Fighting
  3285 | D:5      | Reached skill level 6 in Unarmed Combat
  3457 | D:5      | Reached XP level 8. HP: 74/81 MP: 7/7
  4083 | D:6      | Noticed Sigmund
  4088 | D:6      | Killed Sigmund
  4089 | D:6      | Reached skill level 6 in Fighting
  4089 | D:6      | Reached skill level 7 in Unarmed Combat
  4267 | D:6      | Identified the +9 whip of the Thoughtful Knives {venom,
                  | rCorr Dex+3}
  4405 | D:6      | Reached skill level 8 in Unarmed Combat
  4509 | D:6      | Reached skill level 7 in Fighting
  4509 | D:6      | Reached XP level 9. HP: 91/93 MP: 8/8
  4676 | D:6      | Found a hazy altar of Hepliaklqana.
  4678 | D:6      | Found a sparkling altar of Nemelex Xobeh.
  4888 | D:7      | Found a staircase to the Ecumenical Temple.
  4987 | D:7      | Gained mutation: You are hated by all. [Ru sacrifice]
  4987 | D:7      | Reached * piety under Ru
  4987 | D:7      | Reached ** piety under Ru
  5194 | D:7      | Reached skill level 1 in Shapeshifting
  5249 | D:7      | You pick up a book of the Earth and begin reading...
  5249 | D:7      | You add the spells Leda's Liquefaction, Lee's Rapid
                  | Deconstruction and Bombard to your library.
  5390 | D:7      | Reached skill level 2 in Shapeshifting
  5407 | Temple   | Entered the Ecumenical Temple
  5455 | D:8      | Reached skill level 9 in Unarmed Combat
  5514 | D:8      | Reached skill level 3 in Shapeshifting
  5631 | D:8      | Reached skill level 8 in Fighting
  5742 | D:8      | Noticed an elephant
  5760 | D:8      | Found a staircase to the Lair.
  5854 | D:8      | Found a shadowy altar of Dithmenos.
  5970 | D:8      | Found a runed translucent gate.
  5970 | D:8      | Found a runed translucent gate.
  5972 | D:8      | Found a runed translucent gate.
  5983 | D:8      | Noticed a nine-headed hydra
  5983 | D:8      | Noticed gribnar's ghost (novice DsGl)
  6024 | D:8      | Killed an elephant
  6025 | D:8      | Reached skill level 4 in Shapeshifting
  6025 | D:8      | Reached XP level 10. HP: 81/104 MP: 9/9
  6222 | D:3      | Killed Persephone's ghost
  6226 | D:3      | Killed Frenzy's ghost
  6511 | D:9      | Reached skill level 10 in Unarmed Combat
  6682 | D:9      | Reached skill level 5 in Shapeshifting
  7189 | D:9      | Found Itegoubir's Weapon Shoppe.
  7221 | D:9      | Reached skill level 9 in Fighting
  7453 | D:10     | Entered Level 10 of the Dungeon
  7590 | D:10     | Reached skill level 6 in Shapeshifting
  7591 | D:10     | Gained mutation: Your casting is slightly disrupted. [Ru
                  | sacrifice]
  7621 | D:10     | Reached XP level 11. HP: 49/115 MP: 10/10
  7835 | D:10     | Noticed a two-headed ogre
  7840 | D:10     | Reached skill level 11 in Unarmed Combat
  7847 | D:10     | Killed a two-headed ogre
  8598 | D:11     | Found Soukhloha's Antique Armour Boutique.
  8826 | D:11     | Found Nomuc Voe's Changing Room.
  8894 | D:11     | Noticed Fannar
  8933 | D:11     | HP: 2/117 [Fannar/bolt of cold (37)]
  9256 | D:11     | Reached skill level 7 in Shapeshifting
  9261 | D:11     | HP: 29/117 [Fannar/+0 quarterstaff of freezing (22)]
  9388 | Lair:1   | Entered Level 1 of the Lair of Beasts
  9760 | D:11     | Killed Fannar
  9794 | D:11     | Reached skill level 10 in Fighting
 10124 | D:11     | Reached skill level 8 in Shapeshifting
 10327 | D:11     | Found Wuod's Book Boutique.
 10454 | D:12     | Gained mutation: You cannot study or use magical devices.
                  | [Ru sacrifice]
 10454 | D:12     | Reduced skill Evocations to level 0
 10454 | D:12     | Reached *** piety under Ru
 10454 | D:12     | Reached **** piety under Ru
 10469 | D:12     | Noticed a boulder beetle
 10494 | D:12     | Killed a boulder beetle
 10543 | D:12     | Found a staircase to the Orcish Mines.
 10827 | D:12     | Noticed a boulder beetle
 10840 | D:12     | Killed a boulder beetle
 10841 | D:12     | Reached skill level 12 in Unarmed Combat
 10903 | D:12     | Reached XP level 12. HP: 127/127 MP: 11/11
 11182 | D:12     | Reached skill level 9 in Shapeshifting
 11596 | Lair:1   | Found the +8 longbow "Zephyr" {speed, Dex+3 SInv}
 11917 | Lair:1   | You pick up a book of Frost and begin reading...
 11917 | Lair:1   | You add the spells Freeze, Frozen Ramparts and Hailstorm to
                  | your library.
 12004 | Lair:1   | Reached skill level 10 in Shapeshifting
 12099 | Lair:1   | Noticed Sonja
 12117 | Lair:1   | Killed Sonja
 12140 | Lair:1   | Gained mutation: You cannot study or cast Fire magic. [Ru
                  | sacrifice]
 12140 | Lair:1   | Gained mutation: You cannot study or cast Hexes magic. [Ru
                  | sacrifice]
 12140 | Lair:1   | Gained mutation: You cannot study or cast Conjurations
                  | magic. [Ru sacrifice]
 12140 | Lair:1   | Reached ***** piety under Ru
 12393 | Lair:2   | Reached skill level 11 in Fighting
 12500 | Lair:2   | Found a staircase to the Shoals.
 12551 | Lair:2   | Reached skill level 11 in Shapeshifting
 12593 | Lair:2   | Reached skill level 13 in Unarmed Combat
 12618 | Lair:2   | Found a snail-covered altar of Cheibriados.
 12787 | Lair:2   | Reached XP level 13. HP: 137/137 MP: 12/12
 13029 | Lair:2   | Found a hole to the Spider Nest.
 13589 | Lair:3   | You pick up a book of Dreams and begin reading...
 13813 | Lair:3   | Reached skill level 12 in Shapeshifting
 14792 | Lair:4   | Identified the +6 sling of the First Seers {heavy, rElec
                  | rF+}
 15093 | Lair:4   | You add the spells Vhi's Electric Charge and Maxwell's
                  | Capacitive Coupling to your library.
 15436 | Gauntlet | Identified the "Zokoirix"
 15436 | Lair:5   | Entered Level 5 of the Lair of Beasts
 15490 | Lair:5   | Reached skill level 12 in Fighting
 15548 | Lair:5   | Found a gate leading to a gauntlet.
 15570 | Lair:5   | Reached skill level 14 in Unarmed Combat
 15573 | Lair:5   | Reached skill level 13 in Shapeshifting
 15711 | Gauntlet | Entered a Gauntlet
 15711 | Gauntlet | Found a transporter.
 15711 | Gauntlet | Found a transporter.
 15712 | Gauntlet | Found a runed translucent door.
 15721 | Gauntlet | Found a transporter.
 15725 | Gauntlet | Found a transporter.
 15734 | Gauntlet | Found a transporter.
 15737 | Gauntlet | Found a transporter.
 15743 | Gauntlet | Noticed a green death
 15745 | Gauntlet | Found a transporter.
 15762 | Gauntlet | Found a transporter.
 15779 | Gauntlet | Found a transporter.
 15780 | Gauntlet | Found a transporter.
 15784 | Gauntlet | Found a runed translucent door.
 15784 | Gauntlet | Found a runed translucent door.
 15790 | Gauntlet | Found a transporter.
 15794 | Gauntlet | Found a transporter.
 15953 | Gauntlet | Identified the +1 cloak of Qedenimn {rF- rN+++ Str+8}
 16016 | Gauntlet | Reached XP level 14. HP: 140/149 MP: 13/13
 16053 | Gauntlet | You pick up a book of the Hunter and begin reading...
 16094 | Gauntlet | Identified the +0 leather armour "Pishret" {rElec rC+ rN+
                  | rCorr}
 16504 | Lair:5   | Identified the +1 orcbow "Zuecuam" {elec, Str+3}
 16644 | Lair:5   | Found a staircase to the Slime Pits.
 17142 | Lair:5   | Found a runed translucent door.
 17211 | Lair:5   | Reached skill level 14 in Shapeshifting
 17215 | Lair:5   | Paralysed by a hornet for 3 turns
 17426 | Lair:5   | Reached skill level 2 in Dodging
 17772 | Orc:1    | Entered Level 1 of the Orcish Mines
 17773 | Orc:1    | magus.rc [v1.10.3]
 17960 | Orc:1    | Found Sutwep's General Store.
 17963 | Orc:1    | Bought a scroll of identify for 24 gold pieces
 18172 | Orc:2    | Entered Level 2 of the Orcish Mines
 18264 | Orc:2    | Noticed Erolcha
 18278 | Orc:2    | Killed Erolcha
 18447 | Orc:2    | Noticed Urug
 18458 | Orc:2    | Killed Urug
 18530 | Orc:2    | Noticed Maurice
 18538 | Orc:2    | Killed Maurice
 18539 | Orc:2    | Reached skill level 3 in Dodging
 18704 | Orc:2    | Found a staircase to the Elven Halls.
 18898 | Orc:2    | Reached skill level 15 in Unarmed Combat
 18939 | Orc:2    | Found Toage's Assorted Antiques.
 18939 | Orc:2    | Found Aczowos's Jewellery Emporium.
 18953 | Orc:2    | Bought an amulet of reflection for 420 gold pieces
 19037 | Orc:2    | Found Wiumanuw's Distillery.
 19037 | Orc:2    | Found Qollaryx's Distillery.
 19043 | Orc:2    | Bought a potion of haste for 140 gold pieces
 19072 | Orc:2    | Bought a potion of might for 52 gold pieces
 19072 | Orc:2    | Bought a potion of haste for 130 gold pieces
 19072 | Orc:2    | Bought a potion of haste for 130 gold pieces
 19072 | Orc:2    | Bought a potion of haste for 130 gold pieces
 19072 | Orc:2    | Bought a potion of lignification for 39 gold pieces
 19072 | Orc:2    | Bought a potion of curing for 39 gold pieces
 19072 | Orc:2    | Bought a potion of haste for 130 gold pieces
 19271 | Orc:2    | Bought a potion of lignification for 42 gold pieces
 19271 | Orc:2    | Bought a potion of curing for 42 gold pieces
 19271 | Orc:2    | Bought a potion of curing for 42 gold pieces
 19271 | Orc:2    | Bought a potion of heal wounds for 70 gold pieces
 19271 | Orc:2    | Bought a potion of curing for 42 gold pieces
 19271 | Orc:2    | Bought a potion of mutation for 112 gold pieces
 19303 | Orc:2    | Bought a ring of see invisible for 210 gold pieces
 19557 | D:13     | Reached XP level 15. HP: 141/158 MP: 14/14
 19750 | D:13     | Noticed Lodul
 19768 | D:13     | Reached skill level 13 in Fighting
 19782 | D:13     | Killed Lodul
 19783 | D:13     | Reached skill level 15 in Shapeshifting
 20341 | D:14     | Found a gate to the Vaults.
 20350 | D:13     | Reached skill level 4 in Dodging
 20442 | D:14     | Found a bloodstained altar of Trog.
 20496 | D:14     | Identified the granite talisman of Uzxilul {Str-4 Int+3
                  | Dex+3}
 20496 | D:14     | Noticed Roxanne
 20520 | D:14     | Killed Roxanne
 20595 | D:15     | Entered Level 15 of the Dungeon
 20628 | D:15     | Identified the +4 falchion "Nicyats" {heavy, Fragile rPois
                  | Str+5 Dex+3}
 20643 | D:14     | Noticed Frances
 20675 | D:14     | Killed Frances
 20731 | D:14     | Found a frozen archway.
 20807 | IceCv    | Entered an ice cave
 21086 | IceCv    | HP: 43/193 [minotaur simulacrum (7)]
 21227 | D:14     | Identified a scroll of acquirement
 21228 | D:14     | Acquired 1126 gold pieces
 21481 | D:15     | Reached skill level 5 in Dodging
 21801 | D:14     | Reached skill level 16 in Shapeshifting
 22108 | D:15     | You are cast into the Abyss!
 22108 | Abyss:3  | Cast into level 3 of the Abyss (an occultist)
 22177 | Abyss:3  | Gained mutation: You are dopey. (Int -2) [a neqoxec]
 22257 | Abyss:3  | Noticed a tentacled starspawn
 22262 | Abyss:3  | Killed a tentacled starspawn
 22268 | Abyss:3  | Noticed a tentacled starspawn
 22273 | Abyss:3  | Killed a tentacled starspawn
 22381 | Abyss:3  | Noticed a bone dragon
 22402 | Abyss:3  | Killed a bone dragon
 22403 | Abyss:3  | Reached XP level 16. HP: 86/170 MP: 15/15
 22421 | Abyss:3  | HP: 46/199 [efreet/bolt of fire (15)]
 22429 | Abyss:4  | Found a corrupted altar of Lugonu.
 22429 | Abyss:4  | Noticed a tentacled starspawn
 22583 | Abyss:4  | HP: 51/205 [starcursed mass/accursed screaming (5)]
 22584 | Abyss:4  | HP: 2/205 [balrug/+0 demon whip (25)]
 22585 | Abyss:4  | Mangled by a balrug

Vanquished Creatures
  A bone dragon (Abyss:3)
  Frances (D:14)
  2 tentacled starspawn (Abyss:3)
  Roxanne (D:14)
  A minotaur (Gauntlet)
  A green death (Gauntlet)
  A fire dragon (Lair:5)
  Fannar (D:11)
  5 hydras
  2 centaur warriors
  Erolcha (Orc:2)
  3 two-headed ogres
  3 boulder beetles
  3 death yaks (Lair:5)
  A death knight (D:13)
  An orc high priest (Orc:1)
  Urug (Orc:2)
  3 thrashing horrors (Abyss:4)
  Sonja (Lair:1)
  3 skysharks
  16 skeletal warriors
  A spark wasp zombie (D:15)
  Lodul (D:13)
  An obsidian statue (IceCv)
  An orange crystal statue (IceCv)
  A spriggan simulacrum (IceCv)
  8 orc knights
  2 lindwurms (Lair:5)
  12 ugly things
  A necromancer (Lair:3)
  2 deep elf pyromancers
  4 cyclopes
  A worldbinder (Abyss:3)
  Maurice (Orc:2)
  2 orc sorcerers (Orc:2)
  A manticore (D:12)
  A rust devil (Abyss:3)
  11 elephants
  7 black mambas
  A torpor snail (shapeshifter) (Abyss:4)
  15 cane toads
  11 torpor snails
  7 rime drakes
  2 unseen horrors
  12 komodo dragons
  6 freezing wraiths
  An efreet (D:14)
  3 tyrant leeches (Lair:5)
  4 ice devils (IceCv)
  4 trolls
  A merfolk (Lair:2)
  2 ancient zymes (Abyss:3)
  A raiju (Gauntlet)
  7 hornets (Lair:5)
  2 polar bears
  5 blink frogs
  3 dream sheep (Lair:5)
  2 alligator simulacra (IceCv)
  Sigmund (D:6)
  2 culicivoras (Lair:2)
  4 slime creatures (D:12)
  2 ynoxinuls (Abyss:3)
  4 flying skulls (Gauntlet)
  6 starcursed masses
  3 wyverns
  64 yaks
  2 wraiths
  A fire elemental (D:14)
  4 basilisks
  2 neqoxecs (Abyss:3)
  16 humans
  13 vampire mosquitoes
  A fire bat (Abyss:3)
  2 minotaur simulacra (IceCv)
  2 steam dragons
  6 wargs (Orc:2)
  A spatial vortex (Abyss:4)
  5 acid dragons
  3 large abominations (Abyss:3)
  A hydra simulacrum (IceCv)
  9 water moccasins
  42 orc warriors
  2 sky beasts (D:6)
  2 elephant zombies (Lair:3)
  4 black bears
  2 ice beasts
  21 ogres
  The ghost of Persephone the Poker, an amateur MfFi (D:3)
  The ghost of Frenzy the Grasshopper, an amateur HuWr of Kikubaaqudgha (D:3)
  2 centaurs (D:6)
  23 wolves
  2 small abominations
  2 phantoms
  2 elf zombies (Ossuary)
  9 bullfrogs
  2 kobold brigands
  A deep troll simulacrum (IceCv)
  3 scorpions
  2 gnoll sergeants
  4 wights
  5 jellies
  31 killer bees (D:11)
  6 electric eels
  3 howler monkeys
  3 lava snakes (D:14)
  2 human zombies (Ossuary)
  2 basilisk zombies (Lair:3)
  3 hounds (D:5)
  19 orc priests
  Crazy Yiuf (D:2)
  A sleepcap (D:6)
  4 iguanas
  17 orc wizards
  A hound zombie (Ossuary)
  4 mummies (Ossuary)
  13 gnolls
  6 adders
  A shadow imp (D:7)
  2 ufetubi (D:6)
  2 worms
  2 dart slugs
  95 orcs
  10 ball pythons
  6 endoplasms
  2 giant cockroaches
  7 goblins
  4 hobgoblins
  10 jackals
  3 quokkas
  7 bats
  6 frilled lizards
  A gnoll zombie (Ossuary)
  A goblin zombie (Ossuary)
  2 hobgoblin zombies (Ossuary)
  2 jackal zombies (Ossuary)
  11 kobolds
  3 rats
  A rat zombie (Ossuary)
779 creatures vanquished.

Vanquished Creatures (others)
  A skeletal warrior (D:14)
  A tyrant leech (Lair:5)
  A blink frog (Lair:1)
  A yak (Lair:2)
  5 starspawn tentacles
9 creatures vanquished.

Grand Total: 788 creatures vanquished

Table legend:
 A = Non-vault XP
 B = Vault XP
 C = Vault XP percentage of total XP
 D = Non-vault monster count
 E = Vault monster count
 F = Vault count percentage of total count
                 A         B        C        D         E       F
            +---------+---------+-------+---------+---------+-------
      Total |   98281 |   60396 |  38.1 |     526 |     256 |  32.7
            +---------+---------+-------+---------+---------+-------
        D:1 |      36 |       0 |   0.0 |      22 |       0 |   0.0
        D:2 |      37 |      39 |  51.3 |      14 |       1 |   6.7
        D:3 |     135 |     281 |  67.5 |      24 |       6 |  20.0
        D:4 |     298 |       0 |   0.0 |      21 |       0 |   0.0
        D:5 |     626 |       0 |   0.0 |      14 |       0 |   0.0
        D:6 |    1303 |     239 |  15.5 |      23 |       1 |   4.2
        D:7 |     414 |     206 |  33.2 |       9 |       1 |  10.0
        D:8 |    2912 |     967 |  24.9 |      47 |       5 |   9.6
        D:9 |    2935 |     615 |  17.3 |      27 |       5 |  15.6
       D:10 |    3658 |       0 |   0.0 |      26 |       0 |   0.0
       D:11 |    1631 |    2786 |  63.1 |      16 |      32 |  66.7
       D:12 |    4173 |       0 |   0.0 |      16 |       0 |   0.0
       D:13 |    9549 |    3102 |  24.5 |      18 |      17 |  48.6
       D:14 |    6766 |   11177 |  62.3 |      15 |      22 |  59.5
       D:15 |    8397 |     755 |   8.2 |      14 |       1 |   6.7
     Lair:1 |    5640 |     464 |   7.6 |      25 |       1 |   3.8
     Lair:2 |    8805 |    2446 |  21.7 |      38 |       8 |  17.4
     Lair:3 |    7841 |    1696 |  17.8 |      26 |      11 |  29.7
     Lair:4 |    5939 |       0 |   0.0 |      22 |       0 |   0.0
     Lair:5 |    8993 |   15823 |  63.8 |      23 |      44 |  65.7
      Orc:1 |    3071 |    1352 |  30.6 |      35 |       4 |  10.3
      Orc:2 |    2515 |    9236 |  78.6 |      24 |      57 |  70.4
    Abyss:3 |    9480 |       0 |   0.0 |      21 |       0 |   0.0
    Abyss:4 |    3127 |       0 |   0.0 |       6 |       0 |   0.0
    Ossuary |       0 |     371 | 100.0 |       0 |      16 | 100.0
      IceCv |       0 |    5639 | 100.0 |       0 |      16 | 100.0
   Gauntlet |       0 |    3202 | 100.0 |       0 |       8 | 100.0
            +---------+---------+-------+---------+---------+-------

Skill      XL: |  1  2  3  4  5  6  7  8  9 10 11 12 13 14 15 |
---------------+----------------------------------------------+-----
Fighting       | 1 2 3 4 5 7 8 9 10 11 12 13 | 13.6
Unarmed Combat | 1 2 3 4 5 6 8 9 10 12 13 14 15 | 15.9
Shapeshifting  | 4 6 8 11 13 14 16 | 16.3
Evocations     | 0 |  0.0
Dodging        | 3 5 |  5.8

Action                     |  1- 3 |  4- 6 |  7- 9 | 10-12 | 13-15 | 16-18 || total
---------------------------+-------+-------+-------+-------+-------+-------++-------
  Melee: Unarmed           |   118 |   154 |   308 |   661 |  1183 |    48 ||  2472
         Punch             |     4 |     6 |    12 |    32 |     1 |       ||    55
         Constrict         |       |       |       |    48 |   241 |     8 ||   297
  Throw: Dart              |       |       |       |     5 |       |       ||     5
 Invoke: Sacrifice Stealth |       |       |     1 |       |       |       ||     1
         Sacrifice Love    |       |       |     1 |       |       |       ||     1
         Sacrifice Essence |       |       |       |     1 |       |       ||     1
         Sacrifice Artific |       |       |       |     1 |       |       ||     1
         Sacrifice Arcana  |       |       |       |     1 |       |       ||     1
         Reject Sacrifices |       |       |       |       |     2 |       ||     2
         Power Leap        |       |       |       |       |     1 |       ||     1
         Draw Out Power    |       |       |       |       |     2 |     1 ||     3
  Evoke: Wand              |       |       |     6 |       |       |       ||     6
    Use: Scroll            |     1 |       |     7 |     9 |    11 |     3 ||    31
         Potion            |       |     1 |     1 |     3 |     1 |     7 ||    13
   Stab: Sleeping          |     3 |     2 |       |       |       |       ||     5
         Invisible         |       |     1 |     2 |     3 |    14 |     1 ||    21
         Distracted        |       |       |       |     1 |     7 |       ||     8
         Paralysed         |       |       |       |       |    11 |       ||    11
 Armour: Robe              |    75 |   153 |   180 |   268 |       |       ||   676
         Skin              |       |       |       |   156 |   670 |    48 ||   874
  Dodge: Dodged            |    67 |   116 |   181 |   391 |   545 |    58 ||  1358
         Repelled          |       |       |       |       |     1 |       ||     1
  Block: Other             |       |       |       |       |    74 |    21 ||    95
         Reflection        |       |       |       |       |     2 |       ||     2
   Form: Anaconda          |       |       |       |     1 |     3 |       ||     4
         Statue            |       |       |       |       |     4 |       ||     4
         Blade             |       |       |       |       |     2 |       ||     2
         Storm             |       |       |       |       |     1 |       ||     1

Illustrated notes

Table legend:
 A = Kills in this place as a percentage of kills in the entire game.
 B = Kills by you in this place as a percentage of kills by you in the entire game.
 C = Kills by friends in this place as a percentage of kills by friends in the entire game.
 D = Other kills in this place as a percentage of other kills in the entire game.
 E = Experience gained in this place as a percentage of experience gained in the entire game.
 F = Experience gained in this place divided by the number of levels of this place that you have seen.
                   A       B       C       D       E      F
               +-------+-------+-------+-------+-------+----------------------
         Total | 100.0 | 100.0 |   N/A | 100.0 | 100.0 | 5667.0
       Dungeon |  50.8 |  50.9 |   N/A |  25.0 |  39.7 | 4202.5
          Lair |  25.3 |  25.1 |   N/A |  75.0 |  36.3 | 11529.4
  Orcish Mines |  15.3 |  15.4 |   N/A |   0.0 |  10.2 | 8087.0
         Abyss |   3.5 |   3.5 |   N/A |   0.0 |   7.9 | 6303.5
       Ossuary |   2.0 |   2.1 |   N/A |   0.0 |   0.2 | 371.0
      Ice Cave |   2.0 |   2.1 |   N/A |   0.0 |   3.6 | 5639.0
      Gauntlet |   1.0 |   1.0 |   N/A |   0.0 |   2.0 | 3202.0
               +-------+-------+-------+-------+-------+----------------------

Table legend: (Time is in decaauts)
 A = Elapsed time spent in this place.
 B = Non-inter-level travel time spent in this place.
 C = Inter-level travel time spent in this place.
 D = Time resting spent in this place.
 E = Time spent auto-exploring this place.
 F = Levels seen in this place.
 G = Mean time per level.
                   A        B        C        D        E       F      G
               +--------+--------+--------+--------+--------+-----+--------+
         Total |  22218 |  20106 |   2112 |   1772 |   8714 |  28 |  793.5 |
       Dungeon |  13433 |  11976 |   1457 |   1044 |   6008 |  15 |  895.5 |
        Temple |      1 |      1 |      0 |      0 |      0 |   1 |    1.0 |
          Lair |   5737 |   5197 |    540 |    452 |   2096 |   5 | 1147.4 |
  Orcish Mines |   1612 |   1498 |    114 |     34 |    542 |   2 |  806.0 |
         Abyss |    434 |    434 |      0 |    146 |      0 |   2 |  217.0 |
       Ossuary |    260 |    260 |      0 |      0 |     68 |   1 |  260.0 |
      Ice Cave |    278 |    278 |      0 |     96 |      0 |   1 |  278.0 |
      Gauntlet |    459 |    459 |      0 |      0 |      0 |   1 |  459.0 |
               +--------+--------+--------+--------+--------+-----+--------+

Top non-repeatable levels by time:
  Lair:5: 1731 daAuts
    D:10: 1506 daAuts
    D:11: 1273 daAuts
  Lair:2: 1108 daAuts
   Orc:2: 1077 daAuts
  Lair:3: 1076 daAuts
     D:9: 1051 daAuts
     D:8: 995 daAuts
  Lair:4: 984 daAuts
     D:6: 984 daAuts
    D:12: 983 daAuts
     D:2: 949 daAuts
    D:14: 946 daAuts
     D:5: 923 daAuts
    D:13: 908 daAuts
